 Dungeon Crawl Stone Soup version 0.27.0-1-g7a08968 (webtiles) character file.

Game seed: 3968139040606129872

42 DeadlyToaster the Caller (level 3, 0/24 HPs)
             Began as a Mummy Summoner on Oct 30, 2021.
             Slain by Jessica (4 damage)
             ... on level 2 of the Dungeon on Oct 31, 2021.
             The game lasted 00:17:42 (2659 turns).

DeadlyToaster the Caller (Mummy Summoner)           Turns: 2659, Time: 00:17:42

Health: 0/24       AC:  2    Str: 11    XL:     3   Next: 33%
Magic:  0/7        EV: 12    Int: 15    God:
Gold:   89         SH:  0    Dex: 12    Spells: 0/8 levels left

rFire    x . .     SeeInvis .   c - +0 dagger
rCold    + . .     Faith    .   (no shield)
rNeg     + + +     Spirit   .   a - +0 robe
rPois    ∞         Reflect  .   (no helmet)
rElec    .         Harm     .   (no cloak)
rCorr    .         Rampage  .   (no gloves)
Will     .....                  (no boots)
Stlth    ++........             (no amulet)
HPRegen  0.08/turn              (no ring)
MPRegen  0.10/turn              (no ring)

@: no status effects
A: cold resistance 1, negative energy resistance 3, torment resistance 2, heat
vulnerability 1, no potions
a: no special abilities


You were on level 2 of the Dungeon.
You visited 1 branch of the dungeon, and saw 2 of its levels.

You collected 89 gold pieces.

Inventory:

Hand Weapons
 c - a +0 dagger (weapon)
 h - a +0 hunting sling
Missiles
 b - 16 sling bullets
 d - 3 stones (quivered)
 i - 20 poisoned darts
Armour
 a - a +0 robe (worn)
Scrolls
 e - 2 scrolls of amnesia {unknown}
 f - 2 scrolls of identify {unknown}
 g - a scroll of torment {unknown}
 j - a scroll of enchant armour {unknown}


   Skills:
 + Level 1.6 Dodging
 + Level 1.6 Stealth
 + Level 3.3 Spellcasting
 * Level 4.0 Summonings


You couldn't memorise any spells.
You knew the following spells:

 Your Spells              Type           Power      Damage    Failure   Level
a - Summon Small Mammal   Summ           56%        N/A       3%          1
b - Call Imp              Summ           14%        N/A       5%          2
c - Slow                  Hex            2%         N/A       30%         2
d - Call Canine Familiar  Summ           14%        N/A       11%         3

Your spell library contained the following spells:

 Spells                   Type           Power      Damage    Failure   Level
 Summon Guardian Golem    Hex/Summ       8%         N/A       26%         3
 Confusing Touch          Hex            2%         N/A       52%         3
 Ozocubu's Armour         Ice            2%         N/A       52%         3
 Vampiric Draining        Necr           1%         2d6       52%         3
 Summon Lightning Spire   Summ/Air       8%         N/A       63%         4
 Petrify                  Tmut/Erth      2%         N/A       89%         4
 Irradiate                Conj/Tmut      1%         3d14      99%         5
 Ozocubu's Refrigeration  Ice            1%         4d5       100%        7
 Sublimation of Blood     Necr           Unusable   N/A       N/A         2

Dungeon Overview and Level Annotations

Branches:
Dungeon (2/15)

Altars:

Annotations:
D:2 Jessica


Innate Abilities, Weirdness & Mutations

You are immune to poison.
Your flesh is cold resistant. (rC+)
You are immune to negative energy. (rN+++)
You are immune to unholy pain and torment.
You are vulnerable to heat. (rF-)
You do not drink.


Message History

Orders for allies: a - Attack new target. p - Attack previous target. r - Retreat! s - Stop attacking. g - Guard the area. f - Follow me.
Anything else - Cancel.
Gang up on whom?
Press: ? - help, Dir - move target, f/p - Jessica
Aim: Jessica, wielding a +0 club and wearing a +0 robe (severely wounded, fast) Attack!
Your crimson imp blinks!
Throw: 4 stones
Press: ? - help, Q - select action, (/) - cycle Shift-Dir - straight line, f/p - Jessica
Aim: Jessica, wielding a +0 club and wearing a +0 robe (severely wounded, fast, ally target, 56% to hit)
You throw a stone.
The stone hits Jessica but does no damage.
Jessica is severely wounded.
Your crimson imp blinks!
Jessica gestures at you while chanting. You resist with some effort.
You aren't carrying any items that you can evoke.
Casting: Summon Small Mammal (safe; 3% risk of failure)
Confirm with . or Enter, or press ? or * to list all spells.
Jessica hits you with a +0 club.
You hit Jessica but do no damage.
Jessica is severely wounded.
Your bat hits Jessica but does no damage.
Your bat misses Jessica. Jessica misses you.
Your bat closely misses Jessica.
You hit Jessica.
Jessica is almost dead.
Your bat hits Jessica but does no damage.
Jessica hits you with a +0 club.
* * * LOW HITPOINT WARNING * * *
Your bat hits Jessica but does no damage.
Jessica hits you with a +0 club.
* * * LOW HITPOINT WARNING * * *
Your crimson imp disappears in a puff of smoke!
Your bat hits Jessica but does no damage.
You barely miss Jessica.
Jessica is almost dead.
Your bat barely misses Jessica.
Jessica hits you with a +0 club.
You die...

#..........
######..........#
..........)......
#####.....##.##.#
#.......#.##.###
....#####.........
...##.:.##.....###
#...#.....#...#....
#.. #@@..('...# ###
#.b...#..##
##...##..#
#####...# ..#.#
...... ###.#.##
..).. #. .#


You could see Jessica (fast, ally target) and a friendly bat (summoned).

Vanquished Creatures
  A bat (D:2)
  A goblin (D:1)
  2 hobgoblins
  2 quokkas
  2 ball pythons (D:1)
  3 frilled lizards
  3 kobolds
  A rat (D:1)
15 creatures vanquished.

Vanquished Creatures (collateral kills)
  An adder (D:2)
  A worm (D:2)
  2 dart slugs (D:1)
  5 endoplasms
  A giant cockroach (D:1)
  2 goblins (D:1)
  2 hobgoblins (D:1)
  2 jackals (D:2)
  2 kobolds (D:1)
  A ball python (D:1)
  2 bats (D:1)
  2 frilled lizards (D:1)
23 creatures vanquished.

Grand Total: 38 creatures vanquished

Notes
Turn   | Place    | Note
-------+----------+-------------------------------------------
     0 | D:1      | DeadlyToaster the Mummy Summoner began the quest for the
                  | Orb.
     0 | D:1      | Reached XP level 1. HP: 13/13 MP: 4/4
   852 | D:1      | Reached XP level 2. HP: 16/19 MP: 2/5
   855 | D:1      | Learned a level 2 spell: Call Imp
   858 | D:1      | Learned a level 2 spell: Slow
  1312 | D:1      | Found a faded altar of an unknown god.
  2344 | D:2      | Reached XP level 3. HP: 24/24 MP: 7/7
  2365 | D:2      | Learned a level 3 spell: Call Canine Familiar
  2516 | D:2      | Reached skill level 4 in Summonings
  2629 | D:2      | Noticed Jessica
  2659 | D:2      | Slain by Jessica

Illustrated notes

Levels and vault maps discovered:
D:1:      pf_arrival_petrified_forest, layout_loops_corners,
          shapermc_ecumenical_altar_acropolis
D:2:      layout_basic, kennysheep_jessica_study

Skill      XL: |  1  2  3 |
---------------+----------+-----
Spellcasting   | 3 |  3.3
Summonings     | 4 |  4.0
Dodging        | |  1.6
Stealth        | |  1.6

Action                   || total
-------------------------++-------
Melee: Unarmed           ||    12
       Dagger            ||    54
 Fire: Hunting sling     ||     5
Throw: Stone             ||     3
 Cast: Summon Small Mamm ||    34
       Call Imp          ||    15
       Slow              ||     2
       Call Canine Famil ||     2
 Stab: Sleeping          ||     6
       Distracted        ||     1
Armor: Robe              ||    10
Dodge: Dodged            ||    47
